Unix NetHack Version 5.0.0-0 post-release - last build Jun 10 2026 00:39:30 (3ee93aec679c4c4259841fe613dc97188e26a321,branch:main).

Game began 2026-06-24 18:09:40, ended 2026-06-25 12:15:42.

Anarchos, lawful female dwarven Valkyrie

                          ------------             -----
                          |..........|             +...|
                          |..........|             |...-#
                          |..........|          #  |...|#
                          --------.---          ###....|#
                                  #            ### -----#
                                  #           ##        #
                                  #           #         #
                                  #           #         %
                                  #           #         #
                                 -.-----------#         #
                                 |.....<.....|#         ##
                                 |...........|#          #
                                 |............#          #------
                                   ----   ----           #|:@rF|
                                                         d-P:pr|
                                                          |:.r.|
                                                          |jqxo|
                                                          ------

Anarchos the Fighter        St:17 Dx:17 Co:20 In:8 Wi:10 Ch:9  Lawful
Dlvl:6  $:252 HP:0(92) Pw:17(17) AC:-6 Xp:7 T:7068  Fainted  Deaf

Latest messages:
 You see here a rothe corpse.
 There is a rothe corpse here; eat it? [ynq] (n) y
 Blecch!  Rotten food!
 Everything suddenly goes dark.
 You faint from lack of food.
 You regain consciousness.
 You can move again.
 You don't have anything to eat.
 What do you want to read? [J or ?*] J
 As you read the scroll, it disappears.
 An iron piercer suddenly appears next to you!
 A giant rat suddenly appears close by!
 A giant rat suddenly appears close by!
 A giant rat suddenly appears next to you!
 A gray ooze suddenly appears next to you!
 A gecko suddenly appears next to you!
 An iguana suddenly appears next to you!
 A lichen suddenly appears close by!
 A goblin suddenly appears close by!
 A grid bug suddenly appears close by!
 A wolf suddenly appears close by!
 A rothe suddenly appears close by!
 A gecko suddenly appears close by!
 A blue jelly suddenly appears close by!
 A goblin suddenly appears close by!
 You faint from lack of food.
 The iguana misses!
 The gecko bites!
 The giant rat bites!
 The gecko misses!
 The giant rat bites!
 The iron piercer bites!
 The goblin throws an orcish dagger!
 The orcish dagger misses the iron piercer.
 An orcish dagger misses you.
 The gecko bites!
 The giant rat bites!
 The iguana misses!
 The gecko bites!
 The gray ooze bites!
 Your oilskin cloak is not affected by oxidation.
 The iguana just misses!
 The giant rat bites!
 The iron piercer bites!
 The iguana misses!
 The giant rat bites!
 The iguana bites!
 The giant rat bites!
 You die...
 Do you want your possessions identified? [ynq] (y) q

Inventory:
 Coins    ('$')
  $ - 252 gold pieces
 Amulets  ('"')
  Q - an uncursed amulet of unchanging (being worn)
 Weapons  (')')
  P - the rustproof +2 Mjollnir (weapon in right hand)
 Armor    ('[')
  U - an uncursed +0 dwarvish iron helm (being worn)
  s - an uncursed +0 pair of leather gloves (being worn)
  V - an uncursed +0 pair of iron shoes (being worn)
  A - an uncursed -1 shield of reflection
  c - a blessed +3 small shield (being worn)
  z - an uncursed +0 oilskin cloak (being worn)
  X - an uncursed +0 dwarvish mithril-coat (being worn)
 Rings    ('=')
  Y - an uncursed ring of poison resistance (on right hand)
  p - an uncursed ring of see invisible (on left hand)
 Wands    ('/')
  j - a wand of digging (0:6)
  u - a wand of stasis (0:3)
  O - a wand of striking (0:6)
 Tools    ('(')
  H - a blessed bag of holding containing 27 items
  e - an uncursed oil lamp
  q - an uncursed tin whistle
 Boulders/Statues  ('`')
  G - an empty uncursed statue of a gecko
  I - an empty uncursed statue of a leprechaun
  F - an empty uncursed statue of a lizard

Contents of the bag of holding:
  247 gold pieces
  a +0 bow
  a blessed corroded +0 dagger
  a +1 dwarvish spear
  the rustproof +2 Ogresmasher
  an uncursed rustproof +0 dwarvish iron helm
  a blessed +0 dwarvish roundshield
  an uncursed +0 dwarvish mithril-coat
  an uncursed scroll of gold detection
  an uncursed scroll of identify
  an uncursed scroll of create monster
  an uncursed spellbook of dig
  an uncursed spellbook of identify
  2 uncursed potions of levitation
  an uncursed potion of paralysis
  an uncursed potion of speed
  an uncursed mirror
  an uncursed lock pick
  a magic marker (0:96)
  an uncursed worthless piece of black glass
  an uncursed turquoise stone
  an uncursed worthless piece of orange glass
  an uncursed garnet stone
  2 uncursed diamonds
  an uncursed worthless piece of yellow glass
  2 uncursed worthless pieces of yellowish brown glass
  2 uncursed flint stones

Anarchos the Valkyrie's attributes:

Background:
 You were a Fighter, a level 7 dwarven Valkyrie.
 You were lawful, on a mission for Tyr
 who was opposed by Odin (neutral) and Loki (chaotic).
 You were right-handed.
 You were in the Dungeons of Doom, on level 6.
 You entered the dungeon 7068 turns ago.
 You had 1031 experience points, 249 more were needed to attain level 8.

Basics:
 You had 0 out of 92 hit points.
 You had all 17 energy points (spell power).
 Your armor class was -6.
 Your wallet contained 252 zorkmids, and
 you had 247 more stashed away in your pack.
 Autopickup was on for all types.

Final Characteristics:
 Your strength was 17 (base:18, limit:18/100).
 Your dexterity was 17 (limit:20).
 Your constitution was 20 (limit:20).
 Your intelligence was 8 (limit:16).
 Your wisdom was 10 (limit:16).
 Your charisma was 9 (limit:16).

Final Status:
 You were deaf.
 You were fainted due to starvation.
 You were unencumbered.
 You were wielding a hammer.
 You had basic skill with hammer.

Final Attributes:
 You were piously aligned.
 You were cold resistant.
 You were poison resistant.
 You saw invisible.
 You had infravision.
 You were stealthy.
 You were guarded.
 Your spell casting was impaired by metallic armor.
 You couldn't change from your current form.
 You were fast.
 You are dead.

Miscellaneous:
 You didn't encounter any bones levels.
 Total elapsed playing time was 4 hours, 8 minutes and 44 seconds.

Major events:
 Turn
    1: Anarchos the lawful dwarven Valkyrie entered the dungeon
 1211: attained the rank of Skirmisher (level 3)
 1230: entered the Gnomish Mines
 2197: reached Mine Town
 3226: was bestowed with Mjollnir by Tyr
 3466: was bestowed with Ogresmasher by Tyr
 3494: attained the rank of Fighter (level 6)
 7068: killed by a giant rat, while fainted from lack of food

Spells:
 Name                 Level Category     Fail Retention
 identify               3   divination   100%  76%-100%

Skills:
 Fighting Skills
   bare handed combat [Unskilled]
   two weapon combat  [Unskilled]
   riding             [Unskilled]
 Weapon Skills
   dagger             [Basic]
   axe                [Unskilled]
   pick-axe           [Unskilled]
   short sword        [Unskilled]
   broadsword         [Unskilled]
   long sword         [Unskilled]
   two-handed sword   [Unskilled]
   saber              [Unskilled]
   hammer             [Basic]
   quarterstaff       [Unskilled]
   polearms           [Unskilled]
   spear              [Skilled]
   trident            [Unskilled]
   lance              [Unskilled]
   sling              [Unskilled]
 Spellcasting Skills
   attack spells      [Unskilled]
   escape spells      [Unskilled]

Voluntary challenges:
 Character rerolling was not enabled.
 You never genocided any monsters.
 You never polymorphed an object.
 You never changed form.
 You used no wishes.
Achievements:
 You entered a shop.
 You attained the rank of Skirmisher.
 You entered the Gnomish Mines.
 You entered Minetown.
 You entered a temple.
 You attained the rank of Fighter.

 The Dungeons of Doom: levels 1 to 6
    Level 1:
       A fountain.
    Level 2:
       A potion shop, a sink.
    Level 3:
       A potion shop.
       Stairs down to The Gnomish Mines.
    Level 4:
       Many shops, an altar, a grave.
    Level 5:
    Level 6: <- You were here.
       Final resting place for
          you, killed by a giant rat, while fainted from lack of food.
 The Gnomish Mines: levels 4 to 6
    Level 4:
    Level 5:
    Level 6:
       Many shops, a temple and an altar to Tyr, many fountains.


Vanquished creatures:
  a small mimic
  2 leprechauns
  a housecat
  a plains centaur
  a gnome mummy
  a human zombie
  a rope golem
 an imp
  a mountain nymph
  2 Mordor orcs
 an orc shaman
  3 rock piercers
  2 rock moles
  3 yellow lights
  a shrieker
  3 violet fungi
  3 gnome leaders
  2 gnomish wizards
  a kobold mummy
  a gray ooze
  3 giant ants
  a little dog
  3 floating eyes
  3 dwarves
  a homunculus
  a kobold shaman
  3 rothes
  a rabid rat
  a centipede
  2 giant bats
  7 monkeys
  2 dwarf zombies
  a werejackal
 an iguana
 10 killer bees
  5 acid blobs
  a coyote
  2 gas spores
  3 hobbits
  2 hobgoblins
  2 cave spiders
  a brown mold
  2 yellow molds
  a green mold
  2 red molds
 11 gnomes
  3 garter snakes
  6 geckos
  2 jackals
  3 kobolds
  2 goblins
  3 sewer rats
  2 grid bugs
  7 lichens
  3 kobold zombies
  9 newts
144 creatures vanquished.

No species were genocided or became extinct.

Game over:
                       ----------
                      /          \
                     /    REST    \
                    /      IN      \
                   /     PEACE      \
                  /                  \
                  |     Anarchos     |
                  |      499 Au      |
                  |   killed by a    |
                  |    giant rat     |
                  |                  |
                  |                  |
                  |       2026       |
                 *|     *  *  *      | *
        _________)/\\_//(\/(/\)/\//\/|_)_______

Farvel Anarchos the Valkyrie...

You died in The Dungeons of Doom on dungeon level 6 with 4944 points,
and 499 pieces of gold, after 7068 moves.
You were level 7 with a maximum of 92 hit points when you died.

